 Dungeon Crawl Stone Soup version 0.20.1-1-g8b1a95d (webtiles) character file.

2393 theAP the Basher (level 9, -25/59 HPs)
             Began as a Gargoyle Fighter on Aug 20, 2017.
             Was a Believer of Okawaru.
             Annihilated by a very large slime creature (52 damage)
             ... on level 7 of the Dungeon.
             The game lasted 00:14:37 (7048 turns).

theAP the Basher (Gargoyle Fighter)                 Turns: 7048, Time: 00:14:38

Health: -25/59     AC: 12    Str: 31    XL:     9   Next: 46%
Magic:  9/9        EV:  7    Int: 11    God:    Okawaru [**....]
Gold:   325        SH: 10    Dex:  9    Spells: 8/8 levels left

rFire    . . .     SeeInvis .   a - +1 flail (crush)
rCold    . . .     Gourm    .   c - +0 shield
rNeg     + . .     Faith    .   b - +0 scale mail
rPois    ∞         Spirit   .   p - +0 helmet
rElec    +         Reflect  .   (no cloak)
rCorr    .         Harm     .   B - -4 pair of gloves of Intercession {+Fly MR+ Str+4 Stlth+} (curse)
MR       +....                  h - +1 pair of boots
Stlth    +.........             (no amulet)
Regen    0.2/turn               (no ring)
MPRegen  0.2/turn               (no ring)

@: no status effects
A: clever 1, negative energy resistance 1, electricity resistance, strong 2,
unbreathing, petrification resistance, rot immunity, AC +5
a: Heroism, Renounce Religion, Evoke Flight


You were on level 7 of the Dungeon.
You worshipped Okawaru.
Okawaru was pleased with you.
You were very hungry.

You visited 2 branches of the dungeon, and saw 9 of its levels.

You collected 325 gold pieces.

Inventory:

Hand Weapons
 a - a +1 flail of crushing (weapon)
Armour
 b - a +0 scale mail (worn)
 c - a +0 shield (worn)
 h - a +1 pair of boots (worn)
 j - a +2 leather armour of fire resistance
 p - a +0 helmet (worn)
 B - the cursed -4 pair of gloves of Intercession (worn) {+Fly MR+ Str+4 Stlth+}
   (You found it on level 7 of the Dungeon)

   It affects your strength (+4).
   It affects your resistance to hostile enchantments.
   It lets you fly.
   It makes you more stealthy.
   It has a curse placed upon it.
Jewellery
 x - a -5 ring of evasion
Wands
 i - a wand of lightning (10/15)
 m - a wand of lightning (6/15)
 y - a wand of flame (21/48)
Scrolls
 k - 4 scrolls of teleportation
 q - 6 scrolls of remove curse
 u - 2 scrolls of recharging
 w - 2 scrolls of amnesia
 z - a scroll of holy word {unknown}
Potions
 d - a potion of magic
 e - a potion of agility
 g - 3 potions of curing
 l - a potion of flight {unknown}
 n - a potion of lignification {unknown}
 o - 2 potions of resistance
 t - a potion of heal wounds
Books
 v - the Collected Works on the Creative Traveller
   (You found it on level 4 of the Dungeon)

   Spells                             Type                      Level
   a - Summon Butterflies             Summoning                    1
   b - Summon Guardian Golem          Hexes/Summoning              3
   c - Recall                         Summoning/Translocation      3
   d - Summon Ice Beast               Ice/Summoning                4
   e - Summon Forest                  Summoning/Translocation      5
Comestibles
 f - 2 bread rations
 s - a meat ration


   Skills:
 + Level 8.2 Fighting
 * Level 10.4 Maces & Flails
 - Level 3.2 Armour
 - Level 3.3 Shields


You had 8 spell levels left.
You didn't know any spells.

Dungeon Overview and Level Annotations

Branches:
Dungeon (8/15)             Temple (1/1) D:5
   Lair: D:8-11

Altars:
Cheibriados
Fedhas
Gozag
Hepliaklqana
Nemelex Xobeh
Okawaru
Qazlal
Ru
Sif Muna
Trog
Vehumet
Xom
Yredelemnul
Zin
The Shining One


Innate Abilities, Weirdness & Mutations

You are resistant to torment.
Your stone body is resilient. (AC +5)
You are immune to poison.
You resist negative energy. (rN+)
You are resistant to electric shocks. (rElec)
You can survive without breathing.
You are immune to petrification.
You are immune to rotting.
Your mind is acute. (Int +2)
Your muscles are very strong. (Str +4)


Message History

A slime creature and 2 killer bees come into view.
The slime creature quivers.
The killer bee buzzes angrily. x2
A killer bee comes into view.
You barely miss the slime creature.
The slime creature hits you but does no damage.
The slime creature hits you! The slime creature barely misses you.
Your shield and scale mail prevent you from hitting the slime creature.
The slime creature barely misses you.
The slime creature hits you but does no damage.
You block the slime creature's attack.
Two slime creatures merge to form a large slime creature.
Two slime creatures merge to form a very large slime creature.
There is a stone staircase leading up here.
The very large slime creature hits you!
You climb upwards.
There is a stone staircase leading down here.
The very large slime creature hits you!!!
Ouch! That really hurt!
You die...

###....................##........
#....................##.......#
##.#.................##.......#
#.#..................#........
#.####...............#...###).
###.####....##.....<...#...###..
#...................((.(........
#.............J^................
#.............>@................
#...........#######.........###.
###.........# #.........# ##
#.....##### #.........#
#.###############.........#
#.##......................#
###.##.###########.#'########
#....#.....# #..#.#.#
##.########.####..#.#.#


You could see a very large slime creature.

Vanquished Creatures
  3 slime creatures (D:8)
  A hungry ghost (D:7)
  Duvessa (D:5)
  An orc warrior (D:5)
  2 sky beasts
  An ice beast (D:7)
  A centaur (D:7)
  A bullfrog (D:5)
  Dowan (D:5)
  2 scorpions
  A howler monkey (D:7)
  An orc priest (D:4)
  6 hounds
  A jelly (D:7)
  An iguana (D:4)
  Natasha (thrice) (D:3)
  4 orc wizards
  5 worker ants
  A hound skeleton (D:4)
  Robin (D:3)
  A howler monkey skeleton (D:7)
  8 adders
  7 gnolls
  A shadow imp (D:7)
  An adder zombie (D:5)
  2 oozes
  An adder skeleton (D:7)
  A worm (D:3)
  4 dart slugs
  3 leopard geckos
  12 orcs
  6 bats
  2 giant cockroaches
  16 goblins
  8 hobgoblins
  7 kobolds
  2 quokkas (D:4)
  3 ball pythons
  3 frilled lizards
  A leopard gecko skeleton (D:4)
  A quokka skeleton (D:5)
  A quokka zombie (D:5)
  2 rats (D:3)
131 creatures vanquished.

Vanquished Creatures (collateral kills)
  A bullfrog (D:6)
1 creature vanquished.

Grand Total: 132 creatures vanquished

Notes
Turn   | Place    | Note
-------+----------+-------------------------------------------
     0 | D:1      | theAP the Gargoyle Fighter began the quest for the Orb.
     0 | D:1      | Reached XP level 1. HP: 14/14 MP: 1/1
   272 | D:1      | Reached XP level 2. HP: 16/19 MP: 2/2
   743 | D:1      | Reached skill level 3 in Maces & Flails
   822 | D:1      | Reached XP level 3. HP: 16/23 MP: 3/3
  1424 | D:2      | Found a faded altar of an unknown god.
  1574 | D:2      | Found a basalt altar of Yredelemnul.
  1574 | D:2      | Found a radiant altar of Vehumet.
  1838 | D:3      | Noticed Natasha
  1843 | D:3      | Killed Natasha
  1843 | D:3      | Reached XP level 4. HP: 23/29 MP: 4/4
  1911 | D:3      | Noticed Natasha
  1914 | D:3      | Killed Natasha
  1914 | D:3      | Reached skill level 4 in Maces & Flails
  1961 | D:3      | Noticed Natasha
  1968 | D:3      | Killed Natasha
  1968 | D:3      | Reached XP level 5. HP: 25/33 MP: 5/5
  2377 | D:3      | Noticed Robin
  2389 | D:3      | Reached skill level 5 in Maces & Flails
  2413 | D:3      | Killed Robin
  2846 | D:4      | Reached XP level 6. HP: 38/39 MP: 6/6
  2925 | D:4      | HP: 1/40 [gnoll/whip (2)]
  3441 | D:4      | Reached skill level 5 in Fighting
  3519 | D:4      | Reached skill level 6 in Maces & Flails
  3553 | D:4      | Reached XP level 7. HP: 35/44 MP: 7/7
  3580 | D:4      | Identified the Collected Works on the Creative Traveller
  3723 | D:5      | Entered Level 5 of the Dungeon
  3733 | D:5      | Found a hazy altar of Hepliaklqana.
  3935 | D:5      | Found a staircase to the Ecumenical Temple.
  3980 | Temple   | Entered the Ecumenical Temple
  3996 | Temple   | Became a worshipper of Warmaster Okawaru
  4105 | D:5      | Noticed Duvessa
  4105 | D:5      | Noticed Dowan
  4105 | D:5      | Reached skill level 7 in Maces & Flails
  4143 | D:5      | Killed Duvessa
  4154 | D:5      | Killed Dowan
  4458 | D:5      | Reached XP level 8. HP: 46/51 MP: 8/8
  4502 | D:5      | HP: 2/51 [orc warrior/flail (8)]
  4513 | D:5      | Reached * piety under Okawaru
  4513 | D:5      | Reached skill level 8 in Maces & Flails
  5264 | D:6      | Found a shimmering altar of Xom.
  5744 | D:7      | Reached skill level 9 in Maces & Flails
  5751 | D:7      | Reached ** piety under Okawaru
  5756 | D:7      | Found an opulent altar of Gozag.
  6009 | D:7      | Found a glowing golden altar of the Shining One.
  6264 | D:7      | Got a pair of distressingly furry gloves
  6270 | D:7      | Identified the cursed -4 pair of gloves of Intercession {+Fly MR+ Str+4 Stlth+} (You found it on level 7 of the Dungeon)
  6535 | D:8      | Noticed a slime creature
  6535 | D:8      | Noticed a slime creature
  6536 | D:8      | Noticed a slime creature
  6547 | D:8      | Reached XP level 9. HP: 55/57 MP: 9/9
  6562 | D:8      | Reached skill level 10 in Maces & Flails
  6565 | D:8      | Gained mutation: Your mind is acute. (Int +2) [mutagenic meat]
  6567 | D:8      | Gained mutation: Your muscles are strong. (Str +2) [mutagenic meat]
  6568 | D:8      | Gained mutation: Your muscles are very strong. (Str +4) [mutagenic meat]
  7048 | D:7      | Annihilated by a very large slime creature

Skill      XL: |  1  2  3  4  5  6  7  8  9 |
---------------+----------------------------+-----
Maces & Flails | 3 4 5 6 7 9 10 | 10.4
Fighting       | 4 5 6 7 8 |  8.2
Armour         | |  3.2
Shields        | |  3.3

Action                   |  1- 3 |  4- 6 |  7- 9 || total
-------------------------+-------+-------+-------++-------
Melee: Flail             |   118 |   183 |   300 ||   601
  Use: Scroll            |       |    14 |     5 ||    19
       Potion            |       |     3 |     5 ||     8
 Stab: Invisible         |       |       |     2 ||     2
  Eat: Chunk             |     1 |     3 |    12 ||    16
       Bread ration      |     1 |       |       ||     1
       Royal jelly       |       |       |     2 ||     2
Armor: Scale mail        |    64 |    70 |   145 ||   279
Dodge: Dodged            |    37 |    44 |    77 ||   158
Block: Shield            |    56 |    73 |   143 ||   272
